 Dungeon Crawl Stone Soup version 0.28-a0-1629-gf728b707aa (webtiles) character file.

Game seed: 12104484666946995407

28 HallandMoats the Skirmisher (level 3, 31/31 HPs)
             Began as a Ghoul Fighter on Jan 24, 2022.
             Was a High Priest of Ignis.
             Safely got out of the dungeon.
             The game lasted 00:01:00 (842 turns).

HallandMoats the Skirmisher (Ghoul Fighter)          Turns: 842, Time: 00:01:00

Health: 31/31      AC:  7    Str: 19    XL:     3   Next: 14%
Magic:  2/2        EV:  9    Int:  5    God:    Ignis [*****.]
Gold:   34         SH:  4    Dex:  8    Spells: 2/2 levels left

rFire   + . .      SeeInvis .   a - +0 long sword
rCold   + . .      Faith    .   c - +0 buckler
rNeg    + + +      Spirit   .   b - +0 scale mail
rPois   ∞          Reflect  .   h - +0 helmet
rElec   .          Harm     .   (no cloak)
rCorr   .          Rampage  .   (no gloves)
Will    .....                   (no boots)
Stlth   ..........              (no amulet)
HPRegen 0.10/turn               (no ring)
MPRegen 0.08/turn               (no ring)

@: no status effects
A: claws 1, cold resistance 1, negative energy resistance 3, inhibited
regeneration, torment resistance 2
a: Renounce Religion, Fiery Armour, Foxfire Swarm, Rising Flame


You escaped.
You worshipped Ignis.
Ignis was extremely pleased with you.
You visited 1 branch of the dungeon, and saw 2 of its levels.

You collected 34 gold pieces.

Inventory:

Hand Weapons
 a - a +0 long sword (weapon)
Armour
 b - a +0 scale mail (worn)
 c - a +0 buckler (worn)
 h - a +0 helmet (worn)
Jewellery
 l - an amulet of faith
Scrolls
 j - 2 scrolls of identify {unknown}
 k - a scroll of fog {unknown}
Potions
 d - a potion of might
 e - a potion of resistance {unknown}
 f - 2 potions of heal wounds {unknown}
 g - a potion of attraction {unknown}
 i - a potion of magic {unknown}


   Skills:
 + Level 3.5 Fighting
 * Level 2.2 Long Blades
 + Level 2.9 Armour
 + Level 0.7 Dodging
 + Level 2.9 Shields


You had 2 spell levels left.
You didn't know any spells.
Your spell library was empty.

Dungeon Overview and Level Annotations

Branches:
Dungeon (2/15)

Altars:
Ignis

Shops:
D:1 *


Innate Abilities, Weirdness & Mutations

You thrive by killing the living.
You are immune to poison.
You have sharp fingernails.
Your flesh is cold resistant. (rC+)
You are immune to negative energy. (rN+++)
You do not regenerate when monsters are visible.
You are immune to unholy pain and torment.


Message History

No target in view!
No target in view!
A bat comes into view.
You block the bat's attack.
The teleport trap disappears.
The bat disappears!
The bat reappears nearby!
The bat closely misses you. The bat hits you but does no damage. x3
You hit the bat.
The bat is moderately wounded.
The bat misses you. The bat hits you but does no damage.
The bat barely misses you.
You hit the bat but do no damage.
The bat is moderately wounded.
You block the bat's attack. The bat hits you but does no damage.
You block the bat's attack. x2
You closely miss the bat.
The bat is moderately wounded.
The bat hits you but does no damage. x3
You slash the bat!
You kill the bat!
No target in view!
No target in view!
There is a dry fountain here.
There is a faded altar of an unknown god here.
You cannot tell which god this altar belongs to.
Convert to them anyway?
Ignis accepts your prayer! Ignis welcomes you!
(D) Dungeon
Where to? (Enter - D:2, ? - help)
What level of the Dungeon? (default 1, ? - help)
There is a dry fountain here.
There is a stone staircase leading up here.
You climb upwards.
There is a stone staircase leading down here.
There is a stone staircase leading down here.
There is a large open door here.
There is a staircase leading out of the dungeon here.
Are you sure you want to leave the Dungeon?
This will make you lose the game!
You have escaped!

###### ##....##
#(####.### #.8####'.#
#.#...#'.# #.#.@..#.#
#.#...##.# #.#.####.#
#..## #..# #
#######.#############
#..#.........>.....
####..#.##############
#.....#.# ### #
#.##.##.#####.# #


There were no monsters in sight!

Vanquished Creatures
  A worm (D:2)
  2 dart slugs (D:1)
  3 bats
  2 endoplasms
  A goblin (D:1)
  6 jackals (D:1)
  5 kobolds (D:1)
20 creatures vanquished.

Notes
Turn   | Place    | Note
-------+----------+-------------------------------------------
     0 | D:1      | HallandMoats the Ghoul Fighter began the quest for the Orb.
     0 | D:1      | Reached XP level 1. HP: 19/19 MP: 0/0
   224 | D:1      | Reached XP level 2. HP: 26/26 MP: 1/1
   256 | D:1      | Found Qoiniq's Assorted Antiques.
   641 | D:2      | Reached XP level 3. HP: 29/31 MP: 2/2
   720 | D:2      | Found a faded altar of an unknown god.
   750 | D:2      | Prayed at the altar of an unknown god.
   750 | D:2      | Became a worshipper of Ignis, the Dying Flame
   842 | D:$      | Safely got out of the dungeon.

Illustrated notes

Levels and vault maps discovered:
D:1:      saegor_arrival_simple_e, layout_basic, serial_shops, shop
D:2:      layout_loops_ring, shapermc_ecumenical_altar_venn

Skill      XL: |  1 |
---------------+----+-----
Long Blades    | 2 |  2.2
Fighting       | |  3.5
Armour         | |  2.9
Dodging        | |  0.7
Shields        | |  2.9

Action                   || total
-------------------------++-------
Melee: Long sword        ||    58
Armor: Scale mail        ||    36
Dodge: Dodged            ||    29
Block: Buckler           ||    17

Table legend: (Time is in decaauts)
 A = Elapsed time spent in this place.
 B = Non-inter-level travel time spent in this place.
 C = Inter-level travel time spent in this place.
 D = Time resting spent in this place.
 E = Time spent auto-exploring this place.
 F = Levels seen in this place.
 G = Mean time per level.
                   A        B        C        D        E       F      G
               +--------+--------+--------+--------+--------+-----+--------+
         Total |    861 |    751 |    110 |      0 |    579 |   2 |  430.5 |
       Dungeon |    861 |    751 |    110 |      0 |    579 |   2 |  430.5 |
               +--------+--------+--------+--------+--------+-----+--------+

Top non-repeatable levels by time:
     D:1: 701 daAuts
     D:2: 160 daAuts
